 Dungeon Crawl Stone Soup version 0.32-a0-42-ga30500b4d3 (webtiles) character file.

Game seed: 13109823770541882982

212 Dittersdorf the Shield-Bearer (level 5, 0/34 HPs)
             Began as a Gargoyle Fighter on Jan 29, 2024.
             Was an Initiate of Gozag.
             Slain by an iguana (9 damage)
             ... on level 4 of the Dungeon.
             The game lasted 00:02:43 (2620 turns).

Dittersdorf the Shield-Bearer (Gargoyle Fighter)    Turns: 2620, Time: 00:02:44

Health: 0/34       AC: 18    Str: 22    XL:     5   Next: 89%
Magic:  5/5        EV:  8    Int:  8    God:    Gozag
Gold:   209        SH:  4    Dex:  9    Spells: 4/4 levels left

rFire   . . .        a - +0 flail
rCold   . . .        c - +0 buckler
rNeg    + . .        t - +0 chain mail
rPois   ∞            s - +0 helmet
rElec   +            f - +2 cloak
rCorr   .            (no gloves)
SInv    .            (no boots)
Will    .....        (no amulet) Stlth
                     p - ring of wizardry
HPRegen 0.25/turn    (no ring)
MPRegen 0.09/turn

%: wizardry (x1)
@: no status effects
A: sickness immunity, AC +4, negative energy resistance 1, electricity
resistance, torment resistance 1, petrification resistance
a: Renounce Religion, Potion Petition, Call Merchant, Bribe Branch


You were on level 4 of the Dungeon.
You worshipped Gozag.
Gozag was aware of your devotion.
You visited 1 branch of the dungeon, and saw 4 of its levels.

You collected 254 gold pieces.
You paid 45 gold pieces to Gozag.

Inventory:

Hand Weapons
 a - a +0 flail (weapon)
Armour
 c - a +0 buckler (worn)
 f - a +2 cloak (worn)
 s - a +0 helmet (worn)
 t - a +0 chain mail (worn)
Jewellery
 g - a ring of ice
 p - a ring of wizardry (left hand)
Scrolls
 b - a scroll of enchant armour {unknown}
 h - a scroll of vulnerability {unknown}
 i - 2 scrolls of identify {unknown}
 j - a scroll of enchant weapon {unknown}
 k - 2 scrolls of revelation {unknown}
 l - a scroll of fog {unknown}
 m - a scroll of blinking {unknown}
 n - a scroll of torment {unknown}
 o - 3 scrolls of teleportation {unknown}
Potions
 d - 2 potions of might
 e - a potion of curing {unknown}
 q - a potion of degeneration {unknown}
 r - a potion of heal wounds {unknown}
 u - a potion of attraction {unknown}


   Skills:
 + Level 4.4 Fighting
 + Level 3.3 Maces & Flails
 + Level 4.4 Armour
 + Level 4.5 Shields


You had 4 spell levels left.
You didn't know any spells.
Your spell library contained the following spells:

 Spells                   Type           Power      Damage    Failure   Level
 Freeze                   Ice            0%         1d3       75%         1
 Necrotise                Necr           0%         1d4       75%         1
 Call Imp                 Summ           0%         N/A       86%         2
 Dazzling Flash           Conj/Hex       0%         N/A       98%         3
 Frozen Ramparts          Ice            0%         1d1       98%         3
 Hailstorm                Conj/Ice       0%         3d5       98%         3
 Mephitic Cloud           Conj/Alch/Air  0%         N/A       98%         3
 Vampiric Draining        Necr           0%         2d6       98%         3
 Martyr's Knell           Necr/Summ      0%         N/A       100%        4
 Curse of Agony           Necr           0%         N/A       100%        5
 Silence                  Hex/Air        0%         N/A       100%        5
 Summon Hydra             Summ           0%         N/A       100%        7
 Sublimation of Blood     Necr           Unusable   N/A       N/A         2

Dungeon Overview and Level Annotations

Branches:
Dungeon (4/15)
 Temple: D:4-7

Altars:
Gozag
Hepliaklqana

Shops:
D:1 ?   D:2 (   D:4 *


Innate Abilities, Weirdness & Mutations

You are immune to sickness and miasma.
Your stone body is resilient. (AC +4)
You are immune to poison.
You resist negative energy. (rN+)
You are resistant to electric shocks. (rElec)
You are resistant to unholy torment.
You are immune to petrification.


Message History

You are too injured to fight recklessly!
You are too injured to fight recklessly!
You are too injured to fight recklessly!
You are too injured to fight recklessly!
You are too injured to fight recklessly!
You are too injured to fight recklessly!
You are too injured to fight recklessly!
You are too injured to fight recklessly!
You are too injured to fight recklessly!
You are too injured to fight recklessly!
You hit the iguana.
The iguana is heavily wounded.
The iguana bites you but does no damage.
You hit the iguana.
The iguana is heavily wounded.
The iguana bites you!
* * * LOW HITPOINT WARNING * * *
The iguana barely misses you.
You barely miss the iguana.
The iguana is heavily wounded.
The iguana bites you but does no damage.
You closely miss the iguana.
The iguana is heavily wounded.
The iguana closely misses you.
You barely miss the iguana.
The iguana is heavily wounded.
The iguana bites you but does no damage.
The iguana barely misses you.
You hit the iguana but do no damage.
The iguana is heavily wounded.
The iguana bites you.
* * * LOW HITPOINT WARNING * * *
You closely miss the iguana.
The iguana is heavily wounded.
The iguana completely misses you.
You thump the iguana!
The iguana is almost dead.
The iguana bites you!
You die...
Your body crumbles into a pile of gold.

# ####. #....
##...## #(....##
#.....# #l...#
#@..# #^.###
#....# .#
####.## #.####
####..####......
#...........#..
#........#....#
#........#..#
##...........#


You could see an iguana.

Vanquished Creatures
  An orc priest (D:3)
  Jessica (D:3)
  Robin (D:3)
  8 adders
  2 dart slugs (D:3)
  A ribbon worm (D:2)
  5 orcs (D:3)
  3 ball pythons
  4 endoplasms
  2 giant cockroaches
  8 hobgoblins
  3 jackals (D:1)
  3 kobolds
  2 quokkas
  3 bats (D:3)
  2 frilled lizards
  10 goblins
  5 rats
64 creatures vanquished.

Notes
Turn   | Place    | Note
-------+----------+-------------------------------------------
     0 | D:1      | Dittersdorf the Gargoyle Fighter began the quest for the
                  | Orb.
     0 | D:1      | Reached XP level 1. HP: 14/14 MP: 1/1
   438 | D:1      | Reached XP level 2. HP: 18/19 MP: 2/2
   489 | D:1      | Found The Oracle's Delphic Readings.
   744 | D:1      | Reached XP level 3. HP: 23/23 MP: 3/3
   872 | D:2      | Found Dulasywn's Weapon Shoppe.
  1101 | D:2      | Reached XP level 4. HP: 21/29 MP: 4/4
  1380 | D:3      | Noticed Jessica
  1384 | D:3      | Killed Jessica
  1405 | D:3      | Noticed Robin
  1430 | D:3      | Reached XP level 5. HP: 12/33 MP: 5/5
  1433 | D:3      | Killed Robin
  1943 | D:3      | Found an opulent altar of Gozag.
  1950 | D:3      | Became a worshipper of Gozag Ym Sagoz the Greedy
  2076 | D:3      | Found a hazy altar of Hepliaklqana.
  2136 | D:3      | Found a faded altar of an unknown god.
  2576 | D:4      | Found Kavutau's Gadget Gallery.
  2620 | D:4      | Slain by an iguana

Illustrated notes

Levels and vault maps discovered:
D:1:      wheals_arrival_shading, layout_basic, nicolae_nh_oracle_at_delphi
D:2:      layout_rooms, serial_shops, shop, kennysheep_generic_room_8
D:3:      minmay_razor_zed, layout_loops_ring,
          mainiacjoe_overflow_catch_the_wave, basic_ecumenical_altar,
          uniq_jessica, uniq_robin
D:4:      layout_rooms, minmay_splitting_lines, chequers_serial_rivers_room_b,
          kennysheep_donut, nicolae_shop_gadgets, uniq_menkaure

Skill      XL: |  1  2  3  4 |
---------------+-------------+-----
Shields        | 4 |  4.5
Fighting       | 4 |  4.4
Armour         | 4 |  4.4
Maces & Flails | 3 |  3.3

Action                     |  1- 3 |  4- 6 || total
---------------------------+-------+-------++-------
  Melee: Flail             |    80 |   132 ||   212
 Armour: Scale mail        |    66 |    92 ||   158
         Chain mail        |       |    23 ||    23
  Dodge: Dodged            |    43 |    72 ||   115
  Block: Buckler           |    18 |    33 ||    51

Table legend: (Time is in decaauts)
 A = Elapsed time spent in this place.
 B = Non-inter-level travel time spent in this place.
 C = Inter-level travel time spent in this place.
 D = Time resting spent in this place.
 E = Time spent auto-exploring this place.
 F = Levels seen in this place.
 G = Mean time per level.
                   A        B        C        D        E       F      G
               +--------+--------+--------+--------+--------+-----+--------+
         Total |   2681 |   2541 |    140 |     97 |   1926 |   4 |  670.2 |
       Dungeon |   2681 |   2541 |    140 |     97 |   1926 |   4 |  670.2 |
               +--------+--------+--------+--------+--------+-----+--------+

Top non-repeatable levels by time:
     D:3: 1259 daAuts
     D:1: 756 daAuts
     D:2: 598 daAuts
     D:4: 67 daAuts
